 Dungeon Crawl Stone Soup version 0.31-a0-115-g4708a659fe (webtiles) character file.

Game seed: 6266375381513838911

1474 Bnni the Geomancer (level 9, -1/68 HPs)
             Began as a Formicid Earth Elementalist on May 29, 2023.
             Slain by a kobold brigand
             ... wielding a +0 short sword
              (2 damage)
             ... on level 6 of the Dungeon.
             The game lasted 00:08:47 (5923 turns).

Bnni the Geomancer (Formicid Earth Elementalist)    Turns: 5923, Time: 00:08:47

Health: -1/68      AC:  8    Str: 14 (16) XL:     9   Next: 6%
Magic:  2/17       EV:  9    Int: 15 (18) God:
Gold:   331        SH:  0    Dex: 13 (14) Spells: 9/19 levels left

rFire   . . .        o - +2 dagger (venom)
rCold   . . .        (no shield)
rNeg    . . .        q - +1 scale mail of Vaupeteq {rElec Will+++ Str+2}
rPois   .            (helmet unavailable)
rElec   +            (no cloak)
rCorr   .            d - +0 pair of gloves
SInv    +            (no boots)
Will    +++..        (no amulet)
Stlth   +            (no ring)
HPRegen 0.31/turn    (no ring)
MPRegen 0.15/turn

%: no passive effects
@: no status effects
A: permanent stasis, dig shafts and tunnels, antennae 3, four strong arms,
deterioration 1
a: Dig, Shaft Self


You were on level 6 of the Dungeon.
You visited 1 branch of the dungeon, and saw 6 of its levels.

You collected 331 gold pieces.

Inventory:

Hand Weapons
 o - a +2 dagger of venom (weapon)
 s - a +2 dagger of electrocution
Missiles
 t - 2 poisoned darts
Armour
 d - a +0 pair of gloves (worn)
 q - the +1 scale mail of Vaupeteq (worn) {rElec Will+++ Str+2}
   (You found it on level 3 of the Dungeon)

   Str:       It affects your strength (+2).
   rElec:     It insulates you from electricity.
   Will:      It greatly increases your willpower.
Jewellery
 r - a ring of fire
Scrolls
 j - 3 scrolls of amnesia {unknown}
 k - a scroll of poison {unknown}
 n - 2 scrolls of noise {unknown}
 u - a scroll of blinking {unknown}
 v - 2 scrolls of magic mapping {unknown}
 w - 2 scrolls of vulnerability {unknown}
 x - a scroll of fear {unknown}
 y - a scroll of immolation {unknown}
 z - a scroll of acquirement {unknown}
Potions
 a - a potion of lignification
 b - 2 potions of magic
 c - a potion of curing {unknown}
 f - a potion of resistance {unknown}
 g - a potion of brilliance {unknown}
 h - a potion of mutation
 l - a potion of attraction
 m - a potion of haste
 p - 2 potions of degeneration


   Skills:
 + Level 5.3 Fighting
 - Level 1.7 Dodging
 - Level 2.4 Stealth
 + Level 5.5 Spellcasting
 - Level 3.0 Transmutations
 * Level 9.4 Earth Magic


You had 9 spell levels left.
You knew the following spells:

 Your Spells              Type           Power      Damage    Failure   Level
a - Sandblast             Erth           64%        2d14      1%          1
b - Passwall              Tmut/Erth      18%        N/A       9%          2
c - Stone Arrow           Conj/Erth      36%        3d9       30%         3
d - Petrify               Tmut/Erth      22%        N/A       47%         4

Your spell library contained the following spells:

 Spells                   Type           Power      Damage    Failure   Level
 Necrotise                Necr           16%        1d4       56%         1
 Slow                     Hex            16%        N/A       56%         1
 Confusing Touch          Hex            4%         N/A       91%         3
 Vampiric Draining        Necr           4%         2d6       91%         3
 Agony                    Necr           4%         N/A       100%        5


Dungeon Overview and Level Annotations

Branches:
Dungeon (6/15)
 Temple: D:4-7

Altars:
Fedhas
Nemelex Xobeh
Qazlal

Shops:
D:3 [   D:5 [


Innate Abilities, Weirdness & Mutations

You cannot be hasted, slowed, berserked, paralysed or teleported.
You can dig through walls and to a lower floor.
You have a pair of large antennae on your head. (SInv)
Your four strong arms can wield two-handed weapons with a shield.
Your body sometimes deteriorates upon taking damage.


Message History

The water moccasin bites you but does no damage.
The kobold brigand hits you but does no damage.
The kobold hits you but does no damage.
The water moccasin bites you but does no damage.
Unknown command.
You barely miss the water moccasin.
The water moccasin is lightly wounded.
You feel sick.
The water moccasin bites you but does no damage.
The kobold hits you but does no damage.
The kobold brigand hits you with a +0 short sword.
* * * LOW HITPOINT WARNING * * *
Aiming: Sandblast (safe; 1% risk of failure)
Press: ? - help, Q - select action, (/) - cycle Shift-Dir - straight line, f/p - water moccasin
Aim: a water moccasin (lightly wounded, 73% to hit)
The blast of sand misses the water moccasin.
You feel sick.
You are no longer poisoned.
The water moccasin completely misses you.
The kobold hits you but does no damage.
The kobold brigand hits you but does no damage.
The water moccasin bites you.
* * * LOW HITPOINT WARNING * * *
You feel less attractive to monsters.
Unknown command.
Aiming: Sandblast (safe; 1% risk of failure)
Press: ? - help, Q - select action, (/) - cycle Shift-Dir - straight line, f/p - water moccasin
Aim: a water moccasin (lightly wounded, 73% to hit)
The blast of sand hits the water moccasin.
The water moccasin is moderately wounded.
You feel less wooden.
Your +0 pair of gloves unmelds from your body.
The +1 scale mail of Vaupeteq {rElec Will+++ Str+2} unmelds from your body.
The water moccasin bites you but does no damage.
The kobold hits you with a +0 whip.
* * * LOW HITPOINT WARNING * * *
The kobold brigand barely misses you.
The water moccasin bites you but does no damage.
The kobold brigand hits you with a +0 short sword.
You die...

........ .....K.........
..#....# #.............
..#....##. ............# .##
##.... .?.........#
..###...... ##.#.......#
...........# #......)...#
..##.##....# ...!...<..# {
.........#.#####KK.......o...o
#......###.#.#.)@S)........>..
##.....###.....###..P._.P....#
...#....#......##.........5.##
#..............###..#..##....#
##...........#.####..... .....
###....##....._...#..... ..#..
##.....##....#.##.
.......##......# ..
...##..##......# .


You could see a water moccasin, a kobold brigand and a kobold.

Vanquished Creatures
  Sigmund (D:6)
  Edmund (D:6)
  A black bear (D:6)
  An ice beast (D:6)
  An ogre (D:6)
  A phantom (D:4)
  2 scorpions (D:5)
  5 killer bees
  2 orc priests (D:6)
  2 hounds
  A jelly (D:4)
  3 iguanas (D:5)
  3 orc wizards
  2 sleepcaps
  Robin (D:3)
  2 gnolls
  6 adders
  A shadow imp (D:6)
  A worm (D:2)
  A dart slug (D:1)
  3 orcs
  4 ball pythons
  3 endoplasms
  3 giant cockroaches
  14 goblins
  4 hobgoblins
  2 jackals (D:5)
  12 kobolds
  4 quokkas
  4 bats
  3 frilled lizards (D:1)
  5 rats
99 creatures vanquished.

Notes
Turn   | Place    | Note
-------+----------+-------------------------------------------
     0 | D:1      | Bnni the Formicid Earth Elementalist began the quest for
                  | the Orb.
     0 | D:1      | Reached XP level 1. HP: 13/13 MP: 3/3
   319 | D:1      | Reached XP level 2. HP: 20/20 MP: 3/5
   530 | D:1      | Reached skill level 4 in Earth Magic
   736 | D:1      | Reached XP level 3. HP: 14/25 MP: 6/6
   796 | D:1      | Reached skill level 1 in Fighting
  1086 | D:2      | Learned a level 2 spell: Passwall
  1134 | D:2      | Learned a level 3 spell: Stone Arrow
  1533 | D:3      | Identified the +1 scale mail of Vaupeteq {rElec Will+++
                  | Str+2}
  1554 | D:3      | Noticed Robin
  1566 | D:3      | Reached XP level 4. HP: 22/30 MP: 4/8
  1572 | D:3      | Killed Robin
  1878 | D:3      | Found a sparkling altar of Nemelex Xobeh.
  2123 | D:3      | Reached XP level 5. HP: 19/38 MP: 6/9
  2221 | D:3      | Found Asuefray's Armour Shop.
  2405 | D:4      | Noticed a phantom
  2411 | D:4      | Killed a phantom
  2412 | D:4      | Reached skill level 5 in Earth Magic
  2417 | D:4      | Learned a level 4 spell: Petrify
  2753 | D:4      | Reached XP level 6. HP: 24/45 MP: 3/10
  3527 | D:5      | Entered Level 5 of the Dungeon
  3544 | D:5      | Reached skill level 6 in Earth Magic
  3783 | D:5      | Found Fimaezal's Armour Shop.
  3910 | D:5      | Reached XP level 7. HP: 35/52 MP: 8/12
  4765 | D:5      | Reached skill level 7 in Earth Magic
  4949 | D:6      | Found a stormy altar of Qazlal.
  5074 | D:6      | Noticed Sigmund
  5087 | D:6      | Killed Sigmund
  5088 | D:6      | Reached XP level 8. HP: 50/60 MP: 11/14
  5232 | D:6      | Reached skill level 8 in Earth Magic
  5744 | D:6      | Reached skill level 5 in Spellcasting
  5767 | D:6      | Reached skill level 5 in Fighting
  5767 | D:6      | Reached skill level 9 in Earth Magic
  5875 | D:6      | Found a blossoming altar of Fedhas.
  5887 | D:6      | Noticed Edmund
  5898 | D:6      | HP: 2/62 [Edmund/+2 flail of venom (7)]
  5900 | D:6      | Killed Edmund
  5902 | D:6      | Gained mutation: Your body sometimes deteriorates upon
                  | taking damage. [potion of mutation]
  5907 | D:6      | Reached XP level 9. HP: 17/68 MP: 11/17
  5923 | D:6      | HP: 1/68 [kobold/+0 whip (5)]
  5923 | D:6      | Slain by a kobold brigand

Illustrated notes

Levels and vault maps discovered:
D:1:      dpeg_arrival_circle_labyrinth_a, layout_basic, serial_forest,
          infiniplex_forest_lined_3, infiniplex_forest_lined_3,
          infiniplex_forest_lined_3, infiniplex_forest_clump_small,
          infiniplex_forest_clump_curved, infiniplex_forest_clump_C,
          infiniplex_forest_clump_long, infiniplex_forest_end_2,
          chequers_serial_rivers_small_b
D:2:      layout_rooms
D:3:      layout_loops_ring, lemuel_tele_altar, serial_shops,
          nicolae_shop_trees, uniq_robin
D:4:      layout_loops_corners
D:5:      layout_layer_cave, serial_shops, shop
D:6:      layout_cave_pools, lemuel_crystal_altar,
          mainiacjoe_overflow_tiny_flanked, minmay_temple_entry_hall,
          uniq_sigmund, uniq_edmund

Skill      XL: |  1  2  3  4  5  6  7  8 |
---------------+-------------------------+-----
Earth Magic    | 4 5 6 7 9 |  9.4
Fighting       | 1 2 3 5 |  5.3
Transmutations | 2 3 |  3.0
Spellcasting   | 3 4 5 |  5.5
Dodging        | |  1.7
Stealth        | |  2.4

Action                     |  1- 3 |  4- 6 |  7- 9 || total
---------------------------+-------+-------+-------++-------
  Melee: Unarmed           |    15 |       |       ||    15
         Spear             |    56 |       |       ||    56
         Dagger            |     6 |    76 |    58 ||   140
         Punch             |       |       |     2 ||     2
  Throw: Dart              |       |       |     2 ||     2
   Cast: Sandblast         |    20 |    32 |    65 ||   117
Ability: Dig               |     1 |       |     1 ||     2
    Use: Potion            |       |       |     8 ||     8
   Stab: Sleeping          |     9 |     2 |       ||    11
 Armour: Robe              |    16 |     2 |       ||    18
         Ring mail         |       |    24 |     6 ||    30
         Scale mail        |       |       |    25 ||    25
         Skin              |       |       |    58 ||    58
  Dodge: Dodged            |    36 |    49 |    68 ||   153

Table legend: (Time is in decaauts)
 A = Elapsed time spent in this place.
 B = Non-inter-level travel time spent in this place.
 C = Inter-level travel time spent in this place.
 D = Time resting spent in this place.
 E = Time spent auto-exploring this place.
 F = Levels seen in this place.
 G = Mean time per level.
                   A        B        C        D        E       F      G
               +--------+--------+--------+--------+--------+-----+--------+
         Total |   5987 |   5789 |    198 |    608 |   4322 |   6 |  997.8 |
       Dungeon |   5987 |   5789 |    198 |    608 |   4322 |   6 |  997.8 |
               +--------+--------+--------+--------+--------+-----+--------+

Top non-repeatable levels by time:
     D:5: 1912 daAuts
     D:4: 1152 daAuts
     D:1: 1065 daAuts
     D:3: 863 daAuts
     D:6: 521 daAuts
     D:2: 471 daAuts
